TOP OF THE 1ST |
Santa Monica Bruins batting - Pitching for Calgary Cowboys : RHP Abraham Hes
|
Pitching: RHP Abraham Hes
|
|
Batting: RHB Iván De Jesús
|
0-0: Called Strike 0-1: Ground out 6-3 (Groundball, 6)
|
Batting: RHB Mark Hosley
|
0-0: Ball 1-0: Ground out 6-3 (Groundball, 6)
|
Batting: LHB Pablo Rivas
|
0-0: Fly out, F9 (Flyball, 89S)
|
Top of the 1st over - 0 run(s), 0 hit(s), 0 error(s), 0 left on base; Santa Monica 0 - Calgary 0 |
BOTTOM OF THE 1ST |
Calgary Cowboys batting - Pitching for Santa Monica Bruins : RHP Rafael Blanco
|
Pitching: RHP Rafael Blanco
|
|
Batting: RHB Clark Hodge
|
0-0: Ground out 6-3 (Groundball, 6M)
|
Batting: RHB Mike Wilcox
|
0-0: Called Strike 0-1: Called Strike 0-2: Fly out, F9 (Flyball, 89M)
|
Batting: RHB Ramón Martínez
|
0-0: Foul Ball, location: 2F 0-1: Ball 1-1: Ball 2-1: Ball 3-1: Base on Balls
|
Batting: RHB Cristián Peña
|
0-0: Fly out, F7 (Flyball, 78M)
|
Bottom of the 1st over - 0 run(s), 0 hit(s), 0 error(s), 1 left on base; Santa Monica 0 - Calgary 0 |
TOP OF THE 2ND |
Santa Monica Bruins batting - Pitching for Calgary Cowboys : RHP Abraham Hes
|
Batting: LHB Germán Charfauros
|
0-0: Ball 1-0: Ball 2-0: Foul Ball, location: 2F 2-1: Ball 3-1: Base on Balls
|
Batting: RHB Juan Acuña
|
0-0: Called Strike 0-1: Ball 1-1: Foul Ball, location: 2F 1-2: Ball 2-2: Foul Ball, location: 2F 2-2: Foul Ball, location: 2F 2-2: Strikes out swinging
|
Batting: LHB Ken Poche
|
0-0: Foul Ball, location: 2F 0-1: Ball 1-1: Swinging Strike 1-2: Strikes out swinging
|
Batting: LHB Bob Cunningham
|
0-0: Ball 1-0: Ball 2-0: Ball 3-0: Base on Balls Germán Charfauros to second
|
Batting: RHB Armando Méndez
|
0-0: Called Strike 0-1: Swinging Strike 0-2: SINGLE (Groundball, 4M) (infield hit) Germán Charfauros to third Bob Cunningham to second
|
Batting: LHB Greg Schultz
|
0-0: Called Strike 0-1: Foul Ball, location: 2F 0-2: Ball 1-2: Foul Ball, location: 2F 1-2: Ball 2-2: Fly out, F8 (Flyball, 8LD)
|
Top of the 2nd over - 0 run(s), 1 hit(s), 0 error(s), 3 left on base; Santa Monica 0 - Calgary 0 |
BOTTOM OF THE 2ND |
Calgary Cowboys batting - Pitching for Santa Monica Bruins : RHP Rafael Blanco
|
Batting: RHB Dan Wyatt
|
0-0: Called Strike 0-1: Swinging Strike 0-2: Ball 1-2: Strikes out looking
|
Batting: RHB Mario Sánchez
|
0-0: Ball 1-0: Fly out, F8 (Flyball, 8RXD)
|
Batting: RHB Derek Carr
|
0-0: Ball 1-0: Called Strike 1-1: Ball 2-1: Bunt for hit - play at first, batter OUT! 1-3
|
Bottom of the 2nd over - 0 run(s), 0 hit(s), 0 error(s), 0 left on base; Santa Monica 0 - Calgary 0 |
TOP OF THE 3RD |
Santa Monica Bruins batting - Pitching for Calgary Cowboys : RHP Abraham Hes
|
Batting: RHB Iván De Jesús
|
0-0: Ball 1-0: Foul Ball, location: 2F 1-1: Ball 2-1: Foul Ball, location: 2F 2-2: Foul Ball, location: 2F 2-2: Strikes out swinging
|
Batting: RHB Mark Hosley
|
0-0: Called Strike 0-1: Ball 1-1: Foul Ball, location: 2F 1-2: Ball 2-2: Ball 3-2: Foul Ball, location: 2F 3-2: Fly out, F7 (Line Drive, 7M)
|
Batting: LHB Pablo Rivas
|
0-0: Called Strike 0-1: SINGLE (Line Drive, 89M)
|
Batting: LHB Germán Charfauros
|
0-0: Called Strike 0-1: Foul Ball, location: 2F 0-2: Ball 1-2: Strikes out swinging
|
Top of the 3rd over - 0 run(s), 1 hit(s), 0 error(s), 1 left on base; Santa Monica 0 - Calgary 0 |
BOTTOM OF THE 3RD |
Calgary Cowboys batting - Pitching for Santa Monica Bruins : RHP Rafael Blanco
|
Batting: LHB Freddy Herrera
|
0-0: Ball 1-0: Ball 2-0: Called Strike 2-1: Ball 3-1: Base on Balls
|
Batting: RHB Tom Yarbrough
|
0-0: Called Strike 0-1: Fly out, F9 (Flyball, 9LM)
|
Batting: RHB Clark Hodge
|
0-0: Called Strike 0-1: Foul Ball, location: 2F 0-2: Ball 1-2: Grounds into double play, 5-4-3 (Groundball, 56)
|
Bottom of the 3rd over - 0 run(s), 0 hit(s), 0 error(s), 0 left on base; Santa Monica 0 - Calgary 0 |
TOP OF THE 4TH |
Santa Monica Bruins batting - Pitching for Calgary Cowboys : RHP Abraham Hes
|
Batting: RHB Juan Acuña
|
0-0: Ball 1-0: Ball 2-0: Ball 3-0: Called Strike 3-1: Foul Ball, location: 2F 3-2: Reached on error, E6 (Groundball, 6M)
|
Batting: LHB Ken Poche
|
0-0: Called Strike 0-1: Ball 1-1: Ball 2-1: Ball 3-1: Base on Balls Juan Acuña to second
|
Batting: LHB Bob Cunningham
|
0-0: Ball 1-0: Ball 2-0: Ball 3-0: Called Strike 3-1: Base on Balls Juan Acuña to third Ken Poche to second
|
Batting: RHB Armando Méndez
|
0-0: Swinging Strike 0-1: Ball 1-1: SINGLE (Groundball, 5D) Juan Acuña scores Ken Poche to third Bob Cunningham to second Runner from 3rd tries for Home, SAFE, no throw or cutoff
|
Batting: LHB Greg Schultz
|
0-0: Ball 1-0: Called Strike 1-1: Grounds into double play, 4-6-3 (Groundball, 4) Bob Cunningham to third
|
Batting: RHB Iván De Jesús
|
0-0: Fly out, F8 (Line Drive, 8LM)
|
Top of the 4th over - 2 run(s), 1 hit(s), 1 error(s), 1 left on base; Santa Monica 2 - Calgary 0 |
BOTTOM OF THE 4TH |
Calgary Cowboys batting - Pitching for Santa Monica Bruins : RHP Rafael Blanco
|
Batting: RHB Mike Wilcox
|
0-0: Called Strike 0-1: Ball 1-1: Foul Ball, location: 2F 1-2: Ball 2-2: Ball 3-2: Foul Ball, location: 2F 3-2: Foul Ball, location: 2F 3-2: SINGLE (Groundball, 6M)
|
Batting: RHB Ramón Martínez
|
0-0: Ball Wild Pitch! Mike Wilcox to second 1-0: Called Strike 1-1: Fly out, F8 (Flyball, 89M)
|
Batting: RHB Cristián Peña
|
0-0: Fly out, F8 (Flyball, 8RM)
|
Batting: RHB Dan Wyatt
|
0-0: Ball 1-0: Ball 2-0: Fly out, F9 (Flyball, 9D)
|
Bottom of the 4th over - 0 run(s), 1 hit(s), 0 error(s), 1 left on base; Santa Monica 2 - Calgary 0 |
TOP OF THE 5TH |
Santa Monica Bruins batting - Pitching for Calgary Cowboys : RHP Abraham Hes
|
Batting: RHB Mark Hosley
|
0-0: Ground out 6-3 (Groundball, 6)
|
Batting: LHB Pablo Rivas
|
0-0: Called Strike 0-1: Ball 1-1: SINGLE (Line Drive, 56D)
|
Batting: LHB Germán Charfauros
|
0-0: Called Strike 0-1: Ball 1-1: Fly out, F8 (Flyball, 8LXD) Runner from 1st tags up, SAFE at 2nd
|
Batting: RHB Juan Acuña
|
0-0: Ball 1-0: Ball 2-0: Ball 3-0: Called Strike 3-1: Foul Ball, location: 2F 3-2: Base on Balls
|
Batting: LHB Ken Poche
|
0-0: Ball 1-0: Ball 2-0: Ball 3-0: Base on Balls Pablo Rivas to third Juan Acuña to second
|
Batting: LHB Bob Cunningham
|
0-0: Ball 1-0: Called Strike 1-1: Ball 2-1: Foul Ball, location: 2F 2-2: Ball 3-2: Fly out, F8 (Flyball, 78D)
|
Top of the 5th over - 0 run(s), 1 hit(s), 0 error(s), 3 left on base; Santa Monica 2 - Calgary 0 |
BOTTOM OF THE 5TH |
Calgary Cowboys batting - Pitching for Santa Monica Bruins : RHP Rafael Blanco
|
Batting: RHB Mario Sánchez
|
0-0: SINGLE (Line Drive, 8LS)
|
Batting: RHB Derek Carr
|
0-0: Ball 1-0: Fly out, F9 (Flyball, 9LM)
|
Batting: LHB Freddy Herrera
|
0-0: Called Strike 0-1: Ball 1-1: SINGLE (Groundball, 15) (infield hit) Mario Sánchez to second
|
Batting: RHB Tom Yarbrough
|
0-0: Ball 1-0: Foul Ball, location: 2F 1-1: Fly out, F3 (Popup, 3SF)
|
Batting: RHB Clark Hodge
|
0-0: Swinging Strike 0-1: Swinging Strike 0-2: Foul Ball, location: 2F 0-2: Ball 1-2: Ball 2-2: Fly out, F9 (Flyball, 9M)
|
Bottom of the 5th over - 0 run(s), 2 hit(s), 0 error(s), 2 left on base; Santa Monica 2 - Calgary 0 |
TOP OF THE 6TH |
Santa Monica Bruins batting - Pitching for Calgary Cowboys : RHP Abraham Hes
|
Pitching: RHP Eric Bell
|
|
Batting: RHB Armando Méndez
|
0-0: Ball 1-0: Called Strike 1-1: Ground out U3 (Groundball, 3)
|
Batting: LHB Greg Schultz
|
0-0: Foul Ball, location: 2F 0-1: Swinging Strike 0-2: Foul Ball, location: 2F 0-2: Ball 1-2: Ball 2-2: SINGLE (Groundball, 4MD)
|
Batting: RHB Iván De Jesús
|
0-0: Called Strike 0-1: Ball 1-1: Ball 2-1: SINGLE (Groundball, 6MD) Greg Schultz to second
|
Batting: RHB Mark Hosley
|
0-0: Ball 1-0: Foul Ball, location: 2F 1-1: SINGLE (Groundball, 56D) Greg Schultz to third Iván De Jesús to second Runner from 3rd tries for Home, SAFE, throw made home Iván De Jesús to third Mark Hosley to second
|
Batting: LHB Pablo Rivas
|
0-0: Intentional Walk
|
Batting: LHB Germán Charfauros
|
0-0: Ball 1-0: Foul Ball, location: 2F 1-1: Foul Ball, location: 2F 1-2: Reached on error, E5 (Groundball, 5S) Iván De Jesús scores Mark Hosley to third Pablo Rivas to second
|
Batting: RHB Juan Acuña
|
0-0: Fielders Choice at 2nd, 6-4 (Groundball, 56) Mark Hosley scores Pablo Rivas to third
|
Batting: LHB Ken Poche
|
0-0: Ball Juan Acuña steals 2nd base 1-0: Called Strike 1-1: Foul Ball, location: 2F 1-2: Foul Ball, location: 2F 1-2: Ball 2-2: Foul Ball, location: 2F 2-2: Ball 3-2: Fly out, F4 (Popup, 3L)
|
Top of the 6th over - 3 run(s), 3 hit(s), 1 error(s), 2 left on base; Santa Monica 5 - Calgary 0 |
BOTTOM OF THE 6TH |
Calgary Cowboys batting - Pitching for Santa Monica Bruins : RHP Rafael Blanco
|
Batting: RHB Mike Wilcox
|
0-0: Called Strike 0-1: Swinging Strike 0-2: Ball 1-2: Ball 2-2: Ground out U3 (Groundball, 3)
|
Batting: RHB Ramón Martínez
|
0-0: Foul Ball, location: 2F 0-1: Ball 1-1: Ball 2-1: Fly out, F9 (Flyball, 9LM)
|
Batting: RHB Cristián Peña
|
0-0: Called Strike 0-1: Ball 1-1: Called Strike 1-2: Fly out, F7 (Line Drive, 78D)
|
Bottom of the 6th over - 0 run(s), 0 hit(s), 0 error(s), 0 left on base; Santa Monica 5 - Calgary 0 |
TOP OF THE 7TH |
Santa Monica Bruins batting - Pitching for Calgary Cowboys : RHP Eric Bell
|
Batting: LHB Bob Cunningham
|
0-0: Foul Ball, location: 2F 0-1: Foul Ball, location: 2F 0-2: Ball 1-2: Ball 2-2: Ground out 4-3 (Groundball, 4)
|
Pitching: RHP Nick Ruby
|
|
Batting: RHB Armando Méndez
|
0-0: Swinging Strike 0-1: Foul Ball, location: 2F 0-2: Ball 1-2: Ground out 1-3 (Groundball, 15)
|
Batting: LHB Greg Schultz
|
0-0: Swinging Strike 0-1: Ball 1-1: Foul Ball, location: 2F 1-2: Foul Ball, location: 2F 1-2: Strikes out swinging
|
Top of the 7th over - 0 run(s), 0 hit(s), 0 error(s), 0 left on base; Santa Monica 5 - Calgary 0 |
BOTTOM OF THE 7TH |
Calgary Cowboys batting - Pitching for Santa Monica Bruins : RHP Rafael Blanco
|
Batting: RHB Dan Wyatt
|
0-0: Called Strike 0-1: SINGLE (Flyball, 9LM)
|
Batting: RHB Mario Sánchez
|
0-0: Ball 1-0: Swinging Strike 1-1: Ball 2-1: Foul Ball, location: 2F 2-2: Ball 3-2: Foul Ball, location: 2F 3-2: Ground out 2-3 (Groundball, 25) Dan Wyatt to second
|
Batting: RHB Derek Carr
|
0-0: Reached on error, E5 (Groundball, 5S) Dan Wyatt to third
|
Batting: LHB Freddy Herrera
|
0-0: Foul Ball, location: 2F 0-1: Called Strike 0-2: Foul Ball, location: 2F 0-2: Ball 1-2: Foul Ball, location: 2F 1-2: Fielders Choice at 2nd, 4-6 (Groundball, 4) Dan Wyatt scores
|
Batting: RHB Tom Yarbrough
|
0-0: Ball 1-0: Ball 2-0: Fly out, F7 (Flyball, 78D)
|
Bottom of the 7th over - 1 run(s), 1 hit(s), 1 error(s), 1 left on base; Santa Monica 5 - Calgary 1 |
TOP OF THE 8TH |
Santa Monica Bruins batting - Pitching for Calgary Cowboys : RHP Nick Ruby
|
Batting: RHB Iván De Jesús
|
0-0: Ball 1-0: Called Strike 1-1: Ground out 3-1 (Groundball, 34)
|
Batting: RHB Mark Hosley
|
0-0: Called Strike 0-1: Called Strike 0-2: Ball 1-2: Foul Ball, location: 2F 1-2: Foul Ball, location: 2F 1-2: Ball 2-2: Foul Ball, location: 2F 2-2: Ball 3-2: Base on Balls
|
Batting: LHB Pablo Rivas
|
0-0: Ball 1-0: SINGLE (Groundball, 4M) Mark Hosley to second Runner from 2nd tries for 3rd, SAFE, no throw or cutoff
|
Batting: LHB Germán Charfauros
|
0-0: Foul Ball, location: 2F 0-1: Ball 1-1: Ball 2-1: Ground out 2-3 (Groundball, 23) Pablo Rivas to second
|
Batting: RHB Juan Acuña
|
0-0: Fly out, F2 (Popup, 3SF)
|
Top of the 8th over - 0 run(s), 1 hit(s), 0 error(s), 2 left on base; Santa Monica 5 - Calgary 1 |
BOTTOM OF THE 8TH |
Calgary Cowboys batting - Pitching for Santa Monica Bruins : RHP Rafael Blanco
|
Pitching: RHP Estefan Jiménez
|
|
Batting: RHB Clark Hodge
|
0-0: Called Strike 0-1: Ball 1-1: Foul Ball, location: 2F 1-2: Foul Ball, location: 2F 1-2: Strikes out swinging
|
Batting: RHB Mike Wilcox
|
0-0: Called Strike 0-1: Ball 1-1: Swinging Strike 1-2: Strikes out swinging
|
Batting: RHB Ramón Martínez
|
0-0: Ball 1-0: SINGLE (Groundball, 6M)
|
Batting: RHB Cristián Peña
|
0-0: Foul Ball, location: 2F 0-1: Ball 1-1: Swinging Strike 1-2: Strikes out swinging
|
Bottom of the 8th over - 0 run(s), 1 hit(s), 0 error(s), 1 left on base; Santa Monica 5 - Calgary 1 |
TOP OF THE 9TH |
Santa Monica Bruins batting - Pitching for Calgary Cowboys : RHP Nick Ruby
|
Batting: LHB Ken Poche
|
0-0: Ball 1-0: Called Strike 1-1: Ball 2-1: Ball 3-1: Fly out, F8 (Flyball, 78D)
|
Batting: LHB Bob Cunningham
|
0-0: Called Strike 0-1: Ball 1-1: Swinging Strike 1-2: Strikes out swinging
|
Pitching: RHP Richard Boyd
|
|
Batting: RHB Armando Méndez
|
0-0: Swinging Strike 0-1: Called Strike 0-2: Ball 1-2: Foul Ball, location: 2F 1-2: Strikes out swinging
|
Top of the 9th over - 0 run(s), 0 hit(s), 0 error(s), 0 left on base; Santa Monica 5 - Calgary 1 |
BOTTOM OF THE 9TH |
Calgary Cowboys batting - Pitching for Santa Monica Bruins : RHP Estefan Jiménez
|
Pitching: RHP Manuel López
|
|
Batting: RHB Dan Wyatt
|
0-0: Ground out 5-3 (Groundball, 56S)
|
Batting: RHB Mario Sánchez
|
0-0: Fly out, F8 (Flyball, 8LM)
|
Batting: RHB Derek Carr
|
0-0: Swinging Strike 0-1: Ball 1-1: Ball 2-1: Swinging Strike 2-2: Fly out, F3 (Popup, 23F)
|
Bottom of the 9th over - 0 run(s), 0 hit(s), 0 error(s), 0 left on base; Santa Monica 5 - Calgary 1 |
|